 Dungeon Crawl Stone Soup version 0.17-a0-484-g0e03f6a (webtiles) character file.

191 Kisielow the Changer (level 5, -3/37 HPs)
             Began as a Merfolk Transmuter on Apr 10, 2015.
             Killed from afar by an orc wizard (10 damage)
             ... with a puff of flame
             ... on level 3 of the Dungeon.
             The game lasted 00:08:59 (2975 turns).

Kisielow the Changer (Merfolk Transmuter)           Turns: 2975, Time: 00:09:00

Health: -3/37      AC:  2    Str: 11    XL:     5   Next: 70%
Magic:  5/8        EV: 11    Int: 13    God:
Gold:   176        SH:  0    Dex: 14    Spells: 2 memorised, 4 levels left

rFire  . . .     SeeInvis .       - Unarmed
rCold  . . .     Clarity  .     c - +0 robe
rNeg   . . .     SustAb   .     (no shield)
rPois  +         Gourm    .     (no helmet)
rElec  .         Spirit   .     (no cloak)
rCorr  .         Warding  .     (no gloves)
rMut   .         Stasis   .     (no boots)
MR     .....                    (no amulet)
Stlth  +.........               t - ring of poison resistance
                                h - -2 ring of evasion (curse)

@: not resistant to hostile enchantments, very unstealthy
A: change form in water, swift swim
a: no special abilities


You were on level 3 of the Dungeon.
You were hungry.

You visited 1 branch of the dungeon, and saw 3 of its levels.

You collected 176 gold pieces.

Inventory:

Missiles
 b - 53 arrows
 o - 14 arrows of flame
Armour
 c - a +0 robe (worn)
Jewellery
 e - an uncursed ring of sustain abilities
 h - a cursed -2 ring of evasion (left hand)
 t - a ring of poison resistance (right hand)
Magical devices
 j - a wand of slowing (26)
Scrolls
 n - a scroll of magic mapping
 p - a scroll of teleportation
Potions
 k - a potion of restore abilities
 l - a potion of ambrosia
 m - 2 potions of curing
 q - a potion of cure mutation
 r - a potion of flight
 u - a potion of might
Books
 d - a book of Changes

   Spells                             Type                      Level
   a - Beastly Appendage              Transmutation                1
   b - Sticks to Snakes               Transmutation                2
   c - Spider Form                    Transmutation/Poison         3
   d - Ice Form                       Ice/Transmutation            4
   e - Blade Hands                    Transmutation                5
Comestibles
 a - 4 bread rations
 f - 3 fruits
 g - 2 meat rations
 i - a chunk of flesh
 s - a slice of pizza


   Skills:
 * Level 1.1 Fighting
 - Level 2.6 Dodging
 + Level 4.5 Unarmed Combat
 - Level 2.0 Spellcasting
 - Level 5.7 Transmutations
 - Level 2.3 Poison Magic


You had 4 spell levels left.
You knew the following spells:

 Your Spells              Type           Power        Failure   Level  Hunger
a - Beastly Appendage     Trmt           ###...       2%          1    ##.....
s - Spider Form           Trmt/Pois      ##........   14%         3    ####...


Dungeon Overview and Level Annotations

Branches:
Dungeon (3/15)

Altars:
Cheibriados


Message History

You are feeling hungry.
The orc warrior hits you with a short sword!
* * * LOW HITPOINT WARNING * * *
Your transformation is almost over.
The orc wizard casts a spell.
The orc wizard flickers and vanishes!
Deactivating autopickup; reactivate with Ctrl-A.
Your Transmutations skill increases to level 5!
Your Poison Magic skill increases to level 2!
You have reached level 5!
You feel stronger.
You feel a bit more experienced. Something hits you but does no damage.
You start resting.
Your transformation has ended.
Your +0 robe unmelds from your body.
You hear some strange, mumbled words.
A puff of flame appears from out of thin air!
The puff of flame hits you!
You die...

#.##. #)##.##># #.
#.##.# #)##.##.# #.
###o##.# #.##.##.# #.
#.#.##.####.##.##.#
#.
#..#.............###.
##..#..).............
#..###.######........
#.##)#.## #########
## ##@## ###


There were no monsters in sight!

Vanquished Creatures
  An orc warrior (D:3)
  2 adders
  3 worms (D:2)
  A giant gecko (D:2)
  An ooze (D:1)
  2 orcs (D:3)
  2 ball pythons (D:1)
  10 goblins
  9 hobgoblins
  13 jackals
  4 bats
  6 giant cockroaches
  4 giant newts
  6 kobolds (D:1)
  4 rats
68 creatures vanquished.

Notes
Turn   | Place    | Note
--------------------------------------------------------------
     0 | D:1      | Kisielow, the Merfolk Transmuter, began the quest for the Orb.
     0 | D:1      | Reached XP level 1. HP: 15/15 MP: 3/3
   221 | D:1      | Reached XP level 2. HP: 14/21 MP: 3/5
   347 | D:1      | Reached skill level 4 in Unarmed Combat
   835 | D:1      | Reached XP level 3. HP: 19/26 MP: 4/6
   939 | D:1      | Learned a level 3 spell: Spider Form
  1752 | D:2      | Reached skill level 1 in Poison Magic
  1942 | D:2      | Reached XP level 4. HP: 32/32 MP: 3/7
  2494 | D:3      | Found a snail-covered altar of Cheibriados.
  2958 | D:3      | Noticed an orc warrior
  2973 | D:3      | Killed an orc warrior
  2973 | D:3      | Reached skill level 5 in Transmutations
  2973 | D:3      | Reached XP level 5. HP: 6/37 MP: 5/8
  2975 | D:3      | Killed from afar by an orc wizard

Action                   |  1- 3 |  4- 6 || total
-------------------------+-------+-------++-------
Melee: Unarmed           |   149 |    76 ||   225
 Cast: Beastly Appendage |    22 |     3 ||    25
       Spider Form       |     4 |     6 ||    10
  Use: Scroll            |     7 |     5 ||    12
  Eat: Chunk             |     5 |     4 ||     9
